 Dungeon Crawl Stone Soup version 0.28-a0-850-g09de17f5b5 (webtiles) character file.

Game seed: 14894129683887103994

317542 RepHenryClay the Peltast (level 21, -3/169 (170) HPs)
             Began as a Gnoll Fighter on Nov 10, 2021.
             Was the Champion of Okawaru.
             Engulfed by a cloud of freezing vapour (7 damage)
             ... on level 3 of the Abyss on Nov 13, 2021.
             The game lasted 02:07:46 (71354 turns).

RepHenryClay the Peltast (Gnoll Fighter)           Turns: 71354, Time: 02:07:47

HP:   -3/169 (170)  AC: 32    Str: 24 (25) XL:     21   Next: 43%
MP:   1/39          EV: 16    Int:  8 (9)  God:    Okawaru [******]
Gold: 363           SH: 14    Dex: 17      Spells: 46/48 levels left

rFire   + . .      SeeInvis .   a - +2 demon trident (elec)
rCold   + . .      Faith    .   A - +0 kite shield {AC+3}
rNeg    + + .      Spirit   .   K - +8 chain mail {ponderous}
rPois   +          Reflect  .   Q - +2 hood of the Assassin {Detection Stab+ Stlth++}
rElec   .          Harm     .   D - scarf {rC+ rF+}
rCorr   .          Rampage  .   l - +2 pair of gloves {Dex+3}
Will    ++...                   P - +0 pair of boots {Fly}
Stlth   +++++.....              v - amulet of regeneration
HPRegen 1.38/turn               h - ring "Xuluwic" {rN++ Will+ Str+3}
MPRegen 0.26/turn               c - ring of poison resistance

@: on blink cooldown, flying, lightly drained, slow
A: fangs 1, strong nose, distributed training
}: 2/15 runes: serpentine, barnacled
a: Renounce Religion, Heroism, Finesse, Duel


You were on level 3 of the Abyss.
You worshipped Okawaru.
Okawaru was exalted by your worship.
You visited 8 branches of the dungeon, and saw 37 of its levels.
You visited the Abyss 1 time.
You visited 1 bazaar.
You also visited: Ice Cave.

You collected 3918 gold pieces.
You spent 3555 gold pieces at shops.

Inventory:

Hand Weapons
 a - a +2 demon trident of electrocution (weapon)
 t - a +1 lajatang of holy wrath
 w - the +12 spear of Harmony {venom, Will+ rCorr Int-4}
   (You found it on level 3 of the Lair of Beasts)

   It poisons the flesh of those it strikes.
   Int:       It affects your intelligence (-4).
   rCorr:     It protects you from acid and corrosion.
   Will:      It increases your willpower.
Missiles
 b - 4 silver javelins
 e - 7 throwing nets
 q - 9 curare-tipped darts (quivered)
 J - 6 atropa-tipped darts
 U - 14 javelins
Armour
 f - a +2 pair of boots of rampaging
 l - a +2 pair of gloves of dexterity (worn)
 A - a +0 kite shield of protection (worn)
 C - a +1 pair of gloves of strength
 D - a scarf of resistance (worn)
 K - a +8 chain mail of ponderousness (worn)
 O - the +0 helmet of Satisfaction {rF+}
   (Okawaru gifted it to you on level 2 of the Snake Pit)

   rF:        It protects you from fire.
 P - a +0 pair of boots of flying (worn)
 Q - the +2 hood of the Assassin (worn) {Detection Stab+ Stlth++}
   (You found it on level 10 of the Dungeon)

   It allows the wearer to sense nearby creatures.
   It allows the wearer to make particularly effective stabbing attacks against
   helpless or unaware enemies with any weapon.
   Stlth:     It makes you much more stealthy.
Jewellery
 c - a ring of poison resistance (right hand)
 h - the ring "Xuluwic" (left hand) {rN++ Will+ Str+3}
   (You acquired it on level 10 of the Dungeon)

   [ring of willpower]

   Str:       It affects your strength (+3).
   rN:        It greatly protects you from negative energy.
   Will:      It increases your willpower.
 m - the amulet "Qaohyrah" {Acrobat Rampage rElec}
   (You found it in an ice cave)

   [amulet of the acrobat]

   It increases your evasion while moving and waiting.
   rElec:     It insulates you from electricity.
   Rampage:   It bestows one free step when moving towards enemies.
 o - a +4 ring of evasion
 s - the amulet "Geaf" {Reflect rN++ SH+5}
   (You bought it in a shop in a bazaar)

   [amulet of reflection]

   It reflects blocked missile attacks.
   rN:        It greatly protects you from negative energy.
   SH:        It affects your SH (+5).
 v - an amulet of regeneration (around neck)
 x - a ring of protection from fire
 F - the ring "Diulet" {*Slow rC+ rCorr Str+4}
   (You took it off a salamander on level 3 of the Snake Pit)

   [ring of protection from cold]

   Str:       It affects your strength (+4).
   rC:        It protects you from cold.
   rCorr:     It protects you from acid and corrosion.
   *Slow:     It may slow you when you take damage.
 N - a +4 ring of protection
 Z - the ring "Nuhi" {rC+ Will+ Dex+2}
   (You found it in an ice cave)

   [ring of protection from cold]

   Dex:       It affects your dexterity (+2).
   rC:        It protects you from cold.
   Will:      It increases your willpower.
Wands
 H - a wand of digging (7)
 L - a wand of mindburst (14)
 W - a wand of acid (22)
 X - a wand of polymorph (23)
 Y - a wand of iceblast (13)
Scrolls
 i - 2 scrolls of holy word
 r - 5 scrolls of enchant weapon
 u - 6 scrolls of teleportation
 y - 2 scrolls of brand weapon
 z - 5 scrolls of magic mapping
 B - 6 scrolls of fog
 E - 7 scrolls of fear
 T - 8 scrolls of enchant armour
 V - 19 scrolls of identify {@r1}
Potions
 d - 5 potions of might
 g - 11 potions of curing
 j - 6 potions of haste
 k - 8 potions of flight
 n - 4 potions of resistance
 p - 6 potions of ambrosia
 G - a potion of invisibility
 I - a potion of heal wounds
 M - a potion of cancellation
 S - a potion of magic
Miscellaneous
 R - a condenser vane (inert)


   Skills:
 + Level 15.7 Fighting
 + Level 14.4 Short Blades
 + Level 15.0 Long Blades
 + Level 14.4 Axes
 + Level 14.4 Maces & Flails
 + Level 14.4 Polearms
 + Level 14.4 Staves
 + Level 14.4 Slings
 + Level 14.4 Bows
 + Level 14.4 Crossbows
 + Level 14.4 Throwing
 + Level 15.7 Armour
 + Level 14.4 Dodging
 + Level 14.4 Stealth
 + Level 15.7 Shields
 + Level 14.4 Unarmed Combat
 + Level 14.4 Spellcasting
 + Level 12.2 Conjurations
 + Level 12.2 Hexes
 + Level 12.2 Summonings
 + Level 12.2 Necromancy
 + Level 12.2 Translocations
 + Level 12.2 Transmutations
 + Level 12.2 Fire Magic
 + Level 12.2 Ice Magic
 + Level 12.2 Air Magic
 + Level 12.2 Earth Magic
 + Level 12.2 Poison Magic
 + Level 15.6 Invocations
 + Level 14.4 Evocations


You had 46 spell levels left.
You knew the following spells:

 Your Spells              Type           Power      Damage    Failure   Level
a - Blink                 Tloc           50%        N/A       1%          2

Your spell library contained the following spells:

 Spells                   Type           Power      Damage    Failure   Level
 Foxfire                  Conj/Fire      100%       2x1d9     1%          1
 Magic Dart               Conj           100%       1d8       1%          1
 Slow                     Hex            100%       N/A       1%          1
 Corpse Rot               Necr/Air       50%        N/A       1%          2
 Ensorcelled Hibernation  Hex/Ice        50%        N/A       1%          2
 Searing Ray              Conj           50%        2d6       1%          2
 Static Discharge         Conj/Air       25%        N/A       1%          2
 Confusing Touch          Hex            25%        N/A       1%          3
 Conjure Flame            Conj/Fire      25%        6-21      1%          3
 Gell's Gravitas          Tloc           25%        N/A       1%          3
 Inner Flame              Hex/Fire       25%        N/A       1%          3
 Lesser Beckoning         Tloc           25%        N/A       1%          3
 Ozocubu's Armour         Ice            25%        N/A       1%          3
 Spider Form              Tmut/Pois      25%        N/A       1%          3
 Teleport Other           Tloc           25%        N/A       1%          3
 Vampiric Draining        Necr           25%        2d7       1%          3
 Dispel Undead            Necr           25%        3d12      2%          4
 Flame Wave               Conj/Fire      25%        3d6       2%          4
 Fulminant Prism          Conj/Hex       12%        3d9       2%          4
 Hailstorm                Conj/Ice       25%        3d7       2%          4
 Ice Form                 Ice/Tmut       25%        N/A       2%          4
 Leda's Liquefaction      Hex/Erth       12%        N/A       2%          4
 Petrify                  Tmut/Erth      25%        N/A       2%          4
 Sticky Flame             Conj/Fire      25%        2d5       2%          4
 Lee's Rapid Deconstruct  Erth           12%        3d10*     8%          5
 Manifold Assault         Tloc           25%        N/A       8%          5
 Metabolic Englaciation   Hex/Ice        12%        N/A       8%          5
 Silence                  Hex/Air        12%        N/A       8%          5
 Yara's Violent Unravell  Hex/Tmut       12%        3d7       8%          5
 Statue Form              Tmut/Erth      16%        N/A       38%         6
 Orb of Destruction       Conj           12%        9d6       92%         7
 Ozocubu's Refrigeration  Ice            12%        4d7       92%         7
 Storm Form               Tmut/Air       12%        N/A       92%         7
 Summon Guardian Golem    Hex/Summ       Unusable   N/A       N/A         3
 Tukima's Dance           Hex            Unusable   N/A       N/A         3
 Death Channel            Necr           Unusable   N/A       N/A         6
 Simulacrum               Ice/Necr       Unusable   N/A       N/A         6
 Spellforged Servitor     Conj/Summ      Unusable   N/A       N/A         7

Dungeon Overview and Level Annotations

Branches:
Dungeon (15/15)            Temple (1/1) D:5            Lair (6/6) D:11
 Shoals (4/4) Lair:2        Snake (4/4) Lair:4        Slime (0/5) Lair:6
    Orc (2/2) D:12            Elf (3/3) Orc:2        Vaults (2/5) D:13
 Depths (0/4) D:15          IceCv (visited)
  Crypt: Vaults:2-3

Altars:
Ashenzari
Cheibriados
Dithmenos
Elyvilon
Fedhas
Gozag
Hepliaklqana
Kikubaaqudgha
Makhleb
Okawaru
Qazlal
Ru
Sif Muna
Trog
Uskayaw
Vehumet
Wu Jian
Xom
Yredelemnul
Zin
The Shining One
Beogh

Shops:
D:3 ?   D:10 =!(=*   D:15 (   Orc:2 (*!(?[(=(   Elf:2 =   Shoals:4 :
Snake:2 (   Snake:4 [:*   Vaults:1 !

Annotations:
D:8 3 runed translucent doors, bjtr's ghost, novice HuCj
D:10 AlleluiaPinecone's ghost, journeyman MiHu
Vaults:2 exclusion: obsidian statue


Innate Abilities, Weirdness & Mutations

You have very sharp teeth.
Your uncanny sense of smell can sniff out nearby items.
Your experience applies equally to all skills.


Message History

The profane servitor hits you with a +3 whip!
* * * LOW HITPOINT WARNING * * *
The daeva calls down the wrath of the Shining One upon you.
The Shining One smites you!
* * * LOW HITPOINT WARNING * * *
A thrashing horror comes into view.
You block the guardian serpent's attack.
The guardian serpent hits you.
* * * LOW HITPOINT WARNING * * *
You block the daeva's attack.
The daeva hits you with a +3 eudemon blade of holy wrath.
* * * LOW HITPOINT WARNING * * *
The profane servitor hits you with a +3 whip.
* * * LOW HITPOINT WARNING * * *
The profane servitor hits you but does no damage.
There is an open door here.
Unknown command.
Huge Dmg: -24%(-40hp) hp: 1%(1hp)
Okay, then.
You feel much better.
You block the thrashing horror's attack.
The thrashing horror tramples you but does no damage.
You block the guardian serpent's attack.
The profane servitor hits you but does no damage.
The profane servitor hits you with a +3 whip.
* * * LOW HITPOINT WARNING * * *
You partially resist.
You feel drained.
You block the thrashing horror's attack. x2
The daeva calls down the wrath of the Shining One upon you.
The Shining One smites you!
* * * LOW HITPOINT WARNING * * *
Unknown command.
Casting: Blink (safe; 1% risk of failure)
Confirm with . or Enter, or press ? or * to list all spells.
Okay, then.
Okay, then.
Casting: Blink (safe; 1% risk of failure)
Confirm with . or Enter, or press ? or * to list all spells.
You blink.
You are engulfed in freezing vapours.
You resist.
You die...

.. . # ### .
#.##.X### ..####
##... #§A##.
....#. #
{##AS.#...#... . .
.# {###'###....# .
.#Xx..{#..☼......#
. . x.##..@....###
# # # #{
#....§§○...# #..#
.
.###...#####.....
# . # ##### #
..... .. #. ## ..
.###..#.# #. #.
#... ... .. . ...
. .##. .. . ## .
#.#.# # .. . (##
.# # #..####. .#
.# ##


You could see a profane servitor, a daeva, a thrashing horror and a guardian
serpent.

Vanquished Creatures
  Nikola (Snake:2)
  Rupert (D:13)
  Polyphemus (Shoals:4)
  Asterion (Elf:1)
  3 tentacled starspawn
  A kraken (Shoals:3)
  The ghost of siradein the Fighter, an adept DsGl of Ru (Shoals:4)
  Kirke (Elf:1)
  Gastronok (Lair:2)
  An Executioner (Abyss:2)
  A sphinx (Vaults:1)
  An azure jelly (IceCv)
  3 nagarajas
  3 deep elf sorcerers
  A ghost moth (Abyss:3)
  7 vault wardens
  Aizul (Snake:1)
  The ghost of Hubris850 the Bludgeoner, a journeyman MiFi of Okawaru (Lair:3)
  2 quicksilver oozes (IceCv)
  9 ironbound preservers
  A deep elf demonologist (Elf:2)
  A starcursed mass (Abyss:3)
  Azrael (Elf:1)
  2 deep elf annihilators (Elf:2)
  11 dire elephants (Vaults:1)
  10 merfolk impalers
  10 merfolk javelineers
  A fire dragon (shapeshifter) (D:15)
  Josephine (D:10)
  3 yaktaur captains (Vaults:1)
  10 hydras
  2 great orbs of eyes
  3 vault guards
  2 ironbound thunderhulks (Vaults:1)
  8 boulder beetles
  4 catoblepae
  A rakshasa (Abyss:3)
  A salamander tyrant (Snake:4)
  17 naga warriors
  10 anacondas
  3 centaur warriors
  2 merfolk avatars
  4 ironbound frosthearts
  3 merfolk aquamancers
  A death knight (D:12)
  2 ogre magi
  11 two-headed ogres
  31 dancing weapons
  A satyr (shapeshifter) (D:15)
  4 satyrs
  21 naga sharpshooters
  A tengu warrior (D:15)
  14 death yaks
  7 orc high priests (Orc:2)
  4 shock serpents
  21 deep elf knights
  5 salamander mystics
  Nergalle (Lair:2)
  13 sea snakes
  9 skeletal warriors
  18 deep trolls
  A spatial maelstrom (Abyss:3)
  A wizard (D:15)
  A glowing orange brain (Vaults:1)
  Pikel (D:4)
  9 naga ritualists
  16 deep elf archers
  9 lindwurms
  5 harpies
  9 ironbound convokers
  A necromancer (D:15)
  2 fauns (Shoals:3)
  31 deep elf zephyrmancers
  5 cyclopes
  29 deep elf pyromancers
  11 ugly things
  13 mana vipers
  An orc knight (Orc:1)
  15 manticores
  12 salamanders
  8 elephants (Lair:5)
  A rust devil (Abyss:2)
  41 black mambas
  An apocalypse crab (Abyss:3)
  5 merfolk sirens
  4 guardian serpents
  6 vault sentinels
  A centaur zombie (D:10)
  3 ice statues (IceCv)
  9 water nymphs
  22 naga magi
  A kobold demonologist (D:12)
  6 komodo dragons
  Maggie (D:10)
  11 cane toads
  2 efreet
  An unseen horror (D:10)
  3 rime drakes
  4 entropy weaver simulacra (IceCv)
  34 yaktaurs
  3 meliai (D:14)
  2 polar bears
  7 wind drakes
  43 slime creatures
  2 hornets
  22 merfolk
  3 blink frogs (Lair:5)
  5 trolls
  3 dream sheep (Shoals:4)
  10 snapping turtles
  A redback (D:10)
  A shadow (D:13)
  2 spriggans (Lair:3)
  A vampire (D:14)
  A spriggan (shapeshifter) (D:13)
  2 wyverns
  4 humans (Elf:1)
  2 large abominations
  3 air elementals (Elf:1)
  54 yaks
  4 wraiths
  10 fire elementals (Elf:1)
  11 water elementals
  9 wargs
  8 basilisks
  14 vampire mosquitoes
  2 chaos spawn (Abyss:2)
  A spatial vortex (Abyss:3)
  5 demonic crawler simulacra (IceCv)
  Menkaure (D:7)
  49 nagas
  An acid dragon (D:13)
  16 water moccasins
  10 orc warriors
  7 hell hounds
  A floating eye (Elf:1)
  A sky beast (Abyss:3)
  A sky beast (shapeshifter) (Elf:2)
  2 black bears (Lair:3)
  6 ogres
  2 necrophages (D:6)
  An ugly thing simulacrum (IceCv)
  12 wolves
  A small abomination (Abyss:3)
  16 centaurs
  4 kobold brigands
  A lemure (D:4)
  10 bullfrogs
  A gnoll sergeant (D:9)
  A cane toad simulacrum (Lair:3)
  6 earth elementals
  A scorpion (Lair:4)
  3 glowing shapeshifter simulacra (IceCv)
  6 killer bees
  An elephant simulacrum (Lair:3)
  7 wights (D:9)
  2 electric eels
  4 howler monkeys
  A bullfrog zombie (D:7)
  A jelly (Lair:6)
  An iron imp (Abyss:2)
  A gnoll shaman (Orc:2)
  2 hounds
  32 orc priests
  A centaur skeleton (D:4)
  A bullfrog skeleton (D:2)
  6 hell rats (Lair:4)
  3 iguanas
  Natasha (D:1)
  4 orc wizards
  A hound skeleton (D:4)
  A howler monkey zombie (D:8)
  Robin (D:4)
  5 gnolls (Orc:2)
  A howler monkey skeleton (D:7)
  3 adders
  2 white imps
  An ufetubus (D:4)
  An adder skeleton (D:4)
  3 dart slugs (D:2)
  54 orcs
  3 ball pythons
  A bat (D:1)
  6 endoplasms
  A giant cockroach (D:1)
  13 goblins
  5 hobgoblins
  6 jackals
  17 kobolds
  5 quokkas
  5 frilled lizards
  6 rats
  3 starspawn tentacles (Abyss:3)
  3 tentacles (Shoals:3)
1262 creatures vanquished.

Vanquished Creatures (others)
  A merfolk impaler (Shoals:2)
  A dancing weapon (Elf:1)
  2 deep elf knights (Elf:2)
  An unseen horror (shapeshifter) (Elf:2)
  A kobold demonologist (D:12)
  An entropy weaver simulacrum (IceCv)
  3 water elementals (Elf:1)
  A naga (Snake:4)
  A demonic crawler simulacrum (IceCv)
  2 ugly thing simulacra (IceCv)
  25 fungi
  A lurking horror (Abyss:3)
  108 plants
  3 starspawn tentacles (Abyss:3)
  11 tentacles (Shoals:3)
162 creatures vanquished.

Grand Total: 1424 creatures vanquished

Notes
Turn   | Place    | Note
-------+----------+-------------------------------------------
     0 | D:1      | RepHenryClay the Gnoll Fighter began the quest for the Orb.
     0 | D:1      | Reached XP level 1. HP: 23/23 MP: 1/1
   462 | D:1      | Reached XP level 2. HP: 27/29 MP: 2/2
   848 | D:2      | Noticed Natasha
   862 | D:1      | Killed Natasha
   863 | D:1      | Reached XP level 3. HP: 27/35 MP: 2/4
   953 | D:2      | Reached skill level 1 in Invocations
  1180 | D:2      | Reached skill level 1 in Short Blades
  1180 | D:2      | Reached skill level 1 in Axes
  1180 | D:2      | Reached skill level 1 in Maces & Flails
  1180 | D:2      | Reached skill level 1 in Polearms
  1180 | D:2      | Reached skill level 1 in Staves
  1180 | D:2      | Reached skill level 1 in Slings
  1180 | D:2      | Reached skill level 1 in Bows
  1180 | D:2      | Reached skill level 1 in Crossbows
  1180 | D:2      | Reached skill level 1 in Throwing
  1180 | D:2      | Reached skill level 1 in Dodging
  1180 | D:2      | Reached skill level 1 in Stealth
  1180 | D:2      | Reached skill level 1 in Unarmed Combat
  1180 | D:2      | Reached skill level 1 in Spellcasting
  1180 | D:2      | Reached skill level 1 in Evocations
  1348 | D:2      | Reached XP level 4. HP: 41/41 MP: 5/5
  1352 | D:2      | Found a bloodstained altar of Trog.
  1405 | D:2      | Reached skill level 1 in Conjurations
  1405 | D:2      | Reached skill level 1 in Hexes
  1405 | D:2      | Reached skill level 1 in Summonings
  1405 | D:2      | Reached skill level 1 in Necromancy
  1405 | D:2      | Reached skill level 1 in Translocations
  1405 | D:2      | Reached skill level 1 in Transmutations
  1405 | D:2      | Reached skill level 1 in Fire Magic
  1405 | D:2      | Reached skill level 1 in Ice Magic
  1405 | D:2      | Reached skill level 1 in Air Magic
  1405 | D:2      | Reached skill level 1 in Earth Magic
  1405 | D:2      | Reached skill level 1 in Poison Magic
  1839 | D:3      | Found a shimmering blue altar of Sif Muna.
  1859 | D:3      | Found Jackid's Magic Scroll Boutique.
  2454 | D:4      | Reached XP level 5. HP: 47/47 MP: 6/6
  2664 | D:4      | Noticed Robin
  2958 | D:4      | Noticed an ogre
  2967 | D:4      | Killed an ogre
  2968 | D:4      | Reached XP level 6. HP: 53/53 MP: 8/8
  3073 | D:4      | Noticed Pikel
  3221 | D:4      | Reached skill level 5 in Long Blades
  3403 | D:4      | Found an opulent altar of Gozag.
  3466 | D:4      | Killed Robin
  3602 | D:4      | Found a burning altar of Makhleb.
  3602 | D:4      | Found a bloodstained altar of Trog.
  3752 | D:4      | Killed Pikel
  3753 | D:4      | Reached XP level 7. HP: 38/60 MP: 9/11
  4072 | D:5      | Entered Level 5 of the Dungeon
  4296 | D:5      | Reached XP level 8. HP: 65/67 MP: 12/12
  4912 | D:5      | Found a staircase to the Ecumenical Temple.
  4918 | Temple   | Entered the Ecumenical Temple
  5115 | Temple   | Became a worshipper of Warmaster Okawaru
  5775 | D:6      | Identified the +3 leather armour of Somewhere Else {rElec}
  6460 | D:7      | Reached * piety under Okawaru
  6461 | D:7      | Reached XP level 9. HP: 51/72 MP: 14/14
  6691 | D:7      | Noticed Menkaure
  6720 | D:7      | Killed Menkaure
  7092 | D:7      | Found a broken altar of Ashenzari.
  7645 | D:8      | Found a runed translucent gate.
  7645 | D:8      | Found a runed translucent gate.
  7645 | D:8      | Found a runed translucent gate.
  7648 | D:8      | Noticed bjtr's ghost (novice HuCj)
  7653 | D:8      | Noticed a kobold demonologist
  8452 | D:9      | Identified the +0 leather armour "Jicesk" {rC+ Dex+2}
  8691 | D:9      | Reached ** piety under Okawaru
  8981 | D:9      | Found a snail-covered altar of Cheibriados.
  9054 | D:9      | Reached skill level 5 in Invocations
  9320 | D:9      | Noticed a two-headed ogre
  9333 | D:9      | Killed a two-headed ogre
  9333 | D:9      | Reached *** piety under Okawaru
  9334 | D:9      | Reached XP level 10. HP: 59/80 MP: 15/17
  9539 | D:9      | Reached skill level 5 in Short Blades
  9539 | D:9      | Reached skill level 5 in Axes
  9539 | D:9      | Reached skill level 5 in Maces & Flails
  9539 | D:9      | Reached skill level 5 in Polearms
  9539 | D:9      | Reached skill level 5 in Staves
  9539 | D:9      | Reached skill level 5 in Slings
  9539 | D:9      | Reached skill level 5 in Bows
  9539 | D:9      | Reached skill level 5 in Crossbows
  9539 | D:9      | Reached skill level 5 in Throwing
  9539 | D:9      | Reached skill level 5 in Dodging
  9539 | D:9      | Reached skill level 5 in Stealth
  9539 | D:9      | Reached skill level 5 in Unarmed Combat
  9539 | D:9      | Reached skill level 5 in Spellcasting
  9539 | D:9      | Reached skill level 5 in Evocations
  9556 | D:9      | Noticed a boulder beetle
  9572 | D:9      | Killed a boulder beetle
  9892 | D:9      | Noticed a deep elf pyromancer
  9937 | D:8      | Reached **** piety under Okawaru
 10398 | D:9      | Killed a deep elf pyromancer
 10695 | D:10     | Entered Level 10 of the Dungeon
 10708 | D:10     | Found Uzxorygh's Weapon Shoppe.
 10912 | D:10     | Identified a scroll of acquirement
 10913 | D:10     | Reached skill level 5 in Conjurations
 10913 | D:10     | Reached skill level 5 in Hexes
 10913 | D:10     | Reached skill level 5 in Summonings
 10913 | D:10     | Reached skill level 5 in Necromancy
 10913 | D:10     | Reached skill level 5 in Translocations
 10913 | D:10     | Reached skill level 5 in Transmutations
 10913 | D:10     | Reached skill level 5 in Fire Magic
 10913 | D:10     | Reached skill level 5 in Ice Magic
 10913 | D:10     | Reached skill level 5 in Air Magic
 10913 | D:10     | Reached skill level 5 in Earth Magic
 10913 | D:10     | Reached skill level 5 in Poison Magic
 10913 | D:10     | Reached XP level 11. HP: 89/89 MP: 18/20
 10914 | D:10     | Acquired the ring "Xuluwic" {rN++ Will+ Str+3}
 11071 | D:10     | Found Gyted's General Store.
 11119 | D:10     | Found a transporter.
 11194 | D:10     | Noticed a two-headed ogre
 11203 | D:10     | Killed a two-headed ogre
 11203 | D:10     | Reached ***** piety under Okawaru
 11326 | D:10     | Noticed Josephine
 11344 | D:10     | Killed Josephine
 11345 | D:10     | Reached XP level 12. HP: 91/96 MP: 22/22
 11440 | D:10     | Found Ruciaguh's Distillery.
 11497 | D:10     | Found Xieg's Jewellery Boutique.
 11622 | D:10     | Noticed Maggie
 11634 | D:10     | Killed Maggie
 11679 | D:10     | Noticed AlleluiaPinecone's ghost (journeyman MiHu)
 11683 | D:10     | Found a transporter.
 11731 | D:10     | Found Noroeruv's Jewellery Shoppe.
 11827 | D:10     | Found the +2 hood of the Assassin {Detection Stab+ Stlth++}
 11946 | D:11     | Found a staircase to the Lair.
 11957 | D:11     | Paralysed by a hornet for 2 turns
 12425 | D:11     | Noticed a five-headed hydra
 12453 | D:11     | Killed a five-headed hydra
 12667 | D:11     | Found a blossoming altar of Fedhas.
 12763 | D:11     | Received a gift from Okawaru
 13061 | D:11     | Noticed a two-headed ogre
 13073 | D:11     | Killed a two-headed ogre
 13673 | D:12     | Found a staircase to the Orcish Mines.
 13697 | D:12     | Noticed a four-headed hydra
 13726 | D:12     | Noticed a sun demon
 13729 | D:12     | Noticed an ogre mage
 14207 | D:12     | Noticed an eight-headed hydra
 14233 | D:12     | Killed an eight-headed hydra
 14233 | D:12     | Received a gift from Okawaru
 14234 | D:12     | Reached skill level 10 in Fighting
 14234 | D:12     | Reached skill level 10 in Armour
 14234 | D:12     | Reached skill level 10 in Shields
 14404 | D:12     | Noticed a six-headed hydra
 14415 | D:12     | Killed a six-headed hydra
 14451 | D:12     | Killed an ogre mage
 14536 | D:12     | Noticed a two-headed ogre
 14570 | D:12     | Killed a two-headed ogre
 14575 | D:12     | Killed a four-headed hydra
 14906 | D:12     | Noticed a boulder beetle
 14921 | D:12     | Killed a boulder beetle
 15207 | D:12     | Reached XP level 13. HP: 88/103 MP: 24/24
 16519 | Orc:1    | Entered Level 1 of the Orcish Mines
 16570 | Orc:1    | Received a gift from Okawaru
 17214 | D:3      | Bought a scroll of acquirement for 572 gold pieces
 17214 | D:3      | Acquired the +7 captain's cutlass {speed, disarm}
 17214 | D:3      | Found the +7 captain's cutlass {speed, disarm}
 17437 | Orc:2    | Entered Level 2 of the Orcish Mines
 17867 | Orc:2    | Found Qyir's General Store.
 17875 | Orc:2    | Bought a potion of curing for 33 gold pieces
 17875 | Orc:2    | Bought a scroll of teleportation for 33 gold pieces
 17906 | Orc:2    | Found Qanwofic's Armour Emporium.
 17910 | Orc:2    | Found a staircase to the Elven Halls.
 17914 | Orc:2    | Bought a +0 pair of boots of flying for 138 gold pieces
 18738 | Orc:2    | Found Exkiemicw's Antique Weapon Shop.
 18744 | Orc:2    | Found Ycannygi's Distillery.
 18799 | Orc:2    | Found Xamel's Weapon Emporium.
 18799 | Orc:2    | Found Seesanes's Magic Scroll Shop.
 18834 | Orc:2    | Bought a scroll of teleportation for 33 gold pieces
 18834 | Orc:2    | Bought a scroll of teleportation for 33 gold pieces
 18834 | Orc:2    | Bought a scroll of fear for 38 gold pieces
 19413 | Orc:2    | Found Puts's Weapon Emporium.
 19484 | Orc:2    | Found Elay's Weapon Shop.
 19484 | Orc:2    | Found Penipyfe's Jewellery Emporium.
 20080 | Orc:2    | Bought an amulet of regeneration for 480 gold pieces
 20187 | Lair:1   | Entered Level 1 of the Lair of Beasts
 20696 | Lair:1   | Received a gift from Okawaru
 20989 | Lair:2   | Found a staircase to the Shoals.
 21005 | Lair:2   | Noticed Nergalle
 21028 | Lair:2   | Killed Nergalle
 21276 | Lair:2   | Reached XP level 14. HP: 111/111 MP: 26/26
 21299 | Lair:2   | Reached skill level 10 in Long Blades
 21346 | Lair:2   | Noticed Gastronok
 21419 | Lair:2   | Killed Gastronok
 21419 | Lair:2   | Received a gift from Okawaru
 22048 | Lair:3   | Found a frozen archway.
 22076 | IceCv    | Entered an ice cave
 22118 | IceCv    | Noticed a quicksilver ooze
 22177 | IceCv    | Killed a quicksilver ooze
 22470 | IceCv    | Reached skill level 10 in Invocations
 22933 | IceCv    | Found a viscous altar of Jiyva.
 22933 | IceCv    | Noticed an azure jelly
 22941 | IceCv    | Killed an azure jelly
 22943 | IceCv    | Noticed a quicksilver ooze
 22956 | IceCv    | Killed a quicksilver ooze
 22976 | IceCv    | Got the ring "Nuhi" {rC+ Will+ Dex+2}
 22980 | IceCv    | Identified the amulet "Qaohyrah" {Acrobat Rampage rElec}
 23525 | Lair:3   | Identified the +12 spear of Harmony {venom, Will+ rCorr
                  | Int-4}
 23526 | Lair:3   | Found a runed translucent door.
 23529 | Lair:3   | Noticed Hubris850's ghost (journeyman MiFi)
 23646 | Lair:3   | Found a hazy altar of Hepliaklqana.
 24041 | Lair:4   | Found a staircase to the Snake Pit.
 24498 | Lair:4   | Identified the +0 pair of gloves of the First Songs {Dex+6}
 25333 | Lair:5   | Received a gift from Okawaru
 25377 | Lair:5   | You fall into a shaft and drop 1 floor!
 25377 | Lair:6   | Entered Level 6 of the Lair of Beasts
 25541 | Lair:5   | Reached ****** piety under Okawaru
 25658 | Lair:5   | Identified the +8 dire flail "Zoigo" {chaos, Fly rPois}
 26112 | Lair:5   | Reached XP level 15. HP: 112/120 MP: 26/28
 26854 | Lair:6   | Found a staircase to the Slime Pits.
 27461 | Lair:6   | Reached skill level 10 in Short Blades
 27461 | Lair:6   | Reached skill level 10 in Axes
 27461 | Lair:6   | Reached skill level 10 in Maces & Flails
 27461 | Lair:6   | Reached skill level 10 in Polearms
 27461 | Lair:6   | Reached skill level 10 in Staves
 27461 | Lair:6   | Reached skill level 10 in Slings
 27461 | Lair:6   | Reached skill level 10 in Bows
 27461 | Lair:6   | Reached skill level 10 in Crossbows
 27461 | Lair:6   | Reached skill level 10 in Throwing
 27461 | Lair:6   | Reached skill level 10 in Dodging
 27461 | Lair:6   | Reached skill level 10 in Stealth
 27461 | Lair:6   | Reached skill level 10 in Unarmed Combat
 27461 | Lair:6   | Reached skill level 10 in Spellcasting
 27461 | Lair:6   | Reached skill level 10 in Evocations
 28520 | Lair:6   | Acquired 431 gold pieces
 28762 | Lair:3   | Killed Hubris850's ghost
 29089 | Lair:3   | Identified the amulet of Sity {Faith rC- rCorr Dex+3}
 29277 | D:10     | Received a gift from Okawaru
 29511 | D:12     | Upgraded the game from 0.28-a0-823-gb444dcf96d to
                  | 0.28-a0-850-g09de17f5b5
 29802 | D:13     | Noticed Rupert
 29816 | D:13     | Received a gift from Okawaru
 29819 | D:13     | Killed Rupert
 29988 | D:13     | Found a gate to the Vaults.
 30832 | D:14     | Reached XP level 16. HP: 128/128 MP: 30/30
 31496 | D:15     | Entered Level 15 of the Dungeon
 31554 | D:15     | Received a gift from Okawaru
 31754 | D:15     | Received a gift from Okawaru
 32053 | D:15     | Noticed an azure jelly
 32054 | D:15     | an azure jelly changed into a death yak
 32113 | D:15     | Received a gift from Okawaru
 32320 | D:15     | Found a staircase to the Depths.
 32381 | D:15     | Found Culo's Antique Weapon Shoppe.
 32438 | D:15     | Found a hazy altar of Hepliaklqana.
 32889 | Shoals:1 | Entered Level 1 of the Shoals
 32971 | Shoals:1 | Identified the +3 mace of Blood {freeze, Drain rPois Dex+2
                  | SInv}
 33198 | Shoals:1 | Received a gift from Okawaru
 36388 | Shoals:2 | Received a gift from Okawaru
 37840 | Shoals:2 | Reached XP level 17. HP: 95/136 MP: 32/32
 38584 | Shoals:3 | Noticed a kraken
 38678 | Shoals:3 | Killed a kraken
 38853 | Shoals:3 | Received a gift from Okawaru
 39525 | Shoals:4 | Entered Level 4 of the Shoals
 39929 | Shoals:4 | Identified the ring "Deoddicw" {Fire Fly Str+2}
 39936 | Shoals:4 | Found Vuakeic's Book Shop.
 40000 | Shoals:4 | Learned a level 2 spell: Blink
 40082 | Shoals:4 | Got a barnacled rune of Zot
 40535 | Shoals:4 | Found a runed translucent door.
 40548 | Shoals:4 | Found a shimmering altar of Xom.
 40548 | Shoals:4 | Noticed siradein's ghost (adept DsGl)
 41277 | Shoals:4 | Noticed Polyphemus
 41994 | Shoals:4 | Killed Polyphemus
 42540 | Shoals:4 | Reached skill level 10 in Conjurations
 42540 | Shoals:4 | Reached skill level 10 in Hexes
 42540 | Shoals:4 | Reached skill level 10 in Summonings
 42540 | Shoals:4 | Reached skill level 10 in Necromancy
 42540 | Shoals:4 | Reached skill level 10 in Translocations
 42540 | Shoals:4 | Reached skill level 10 in Transmutations
 42540 | Shoals:4 | Reached skill level 10 in Fire Magic
 42540 | Shoals:4 | Reached skill level 10 in Ice Magic
 42540 | Shoals:4 | Reached skill level 10 in Air Magic
 42540 | Shoals:4 | Reached skill level 10 in Earth Magic
 42540 | Shoals:4 | Reached skill level 10 in Poison Magic
 43274 | Snake:1  | Entered Level 1 of the Snake Pit
 43375 | Snake:1  | Found a runed translucent gate.
 43375 | Snake:1  | Found a runed translucent gate.
 43625 | Shoals:4 | Killed siradein's ghost
 43625 | Shoals:4 | Received a gift from Okawaru
 43845 | Snake:1  | Noticed Aizul
 43882 | Snake:1  | Killed Aizul
 44612 | Snake:1  | Found a runed translucent gate.
 44805 | Snake:2  | Found Unytzaud's Antique Weapon Emporium.
 45055 | Snake:2  | Reached XP level 18. HP: 92/144 MP: 34/34
 45879 | Snake:2  | Noticed Nikola
 45903 | Snake:2  | Killed Nikola
 46978 | Snake:2  | Identified the +0 helmet of Satisfaction {rF+} (Okawaru
                  | gifted it to you on level 2 of the Snake Pit)
 46978 | Snake:2  | Received a gift from Okawaru
 48952 | Snake:3  | Identified the ring "Diulet" {*Slow rC+ rCorr Str+4}
 49600 | Snake:3  | Got the Handbook of the Traveller and Feathers
 50282 | Snake:4  | Entered Level 4 of the Snake Pit
 51827 | Snake:4  | Found Icvudgh's Armour Emporium.
 51864 | Snake:4  | Identified the +0 double sword of the King {protect, Int+4}
                  | (Okawaru gifted it to you on level 4 of the Snake Pit)
 51864 | Snake:4  | Received a gift from Okawaru
 52114 | Snake:4  | Found Niopli Xeih's Book Shop.
 52677 | Snake:4  | Found Faine's Assorted Antiques.
 53847 | Snake:4  | Reached XP level 19. HP: 133/152 MP: 35/35
 53873 | Snake:4  | Received a gift from Okawaru
 56577 | Snake:4  | Got a serpentine rune of Zot
 56889 | Vaults:1 | Entered Level 1 of the Vaults
 57511 | Elf:1    | Entered Level 1 of the Elven Halls
 57524 | Elf:1    | Noticed Asterion
 57526 | Elf:1    | Killed Asterion
 58006 | Elf:1    | Noticed Kirke
 58017 | Elf:1    | Paralysed by an air elemental for 1 turns
 58029 | Elf:1    | Killed Kirke
 58039 | Elf:1    | Paralysed by an air elemental for 1 turns
 58527 | Elf:1    | Paralysed by an air elemental for 1 turns
 58532 | Elf:1    | Paralysed by an air elemental for 1 turns
 58559 | Elf:1    | Identified the amulet "Urrut" {Faith rF+}
 58690 | Elf:1    | Received a gift from Okawaru
 59318 | Elf:1    | Noticed Azrael
 59741 | Elf:1    | Paralysed by an air elemental for 1 turns
 59964 | Elf:1    | Killed Azrael
 61356 | Elf:2    | Found Asmus's Jewellery Emporium.
 62554 | Elf:1    | Received a gift from Okawaru
 62800 | Elf:2    | Noticed a Brimstone Fiend
 62936 | Elf:1    | Received a gift from Okawaru
 63042 | Elf:2    | Reached XP level 20. HP: 145/147 MP: 37/37
 63061 | Elf:2    | Found a runed translucent gate.
 63061 | Elf:2    | Found a runed translucent gate.
 63061 | Elf:2    | Found a runed translucent gate.
 64176 | Elf:2    | Reached skill level 15 in Fighting
 64176 | Elf:2    | Reached skill level 15 in Armour
 64176 | Elf:2    | Reached skill level 15 in Shields
 64830 | Elf:2    | Received a gift from Okawaru
 65821 | Elf:3    | Entered Level 3 of the Elven Halls
 65894 | Elf:3    | Found a flickering gateway to a bazaar.
 65902 | Bazaar   | Entered a bazaar
 65942 | Bazaar   | Found Lyse's Jewellery Shop.
 65973 | Bazaar   | Found Ivuikas's Book Shop.
 65994 | Bazaar   | Bought the amulet "Geaf" {Reflect rN++ SH+5} for 807 gold
                  | pieces
 65994 | Bazaar   | Bought a ring of protection from fire for 425 gold pieces
 66446 | Vaults:1 | Reached skill level 15 in Invocations
 66451 | Vaults:1 | Found Aschommar's Distillery.
 66596 | Vaults:1 | Bought a potion of curing for 42 gold pieces
 66596 | Vaults:1 | Bought a potion of curing for 42 gold pieces
 66596 | Vaults:1 | Bought 2 potions of curing for 84 gold pieces
 66596 | Vaults:1 | Bought 2 potions of curing for 84 gold pieces
 66596 | Vaults:1 | Bought a potion of heal wounds for 70 gold pieces
 66596 | Vaults:1 | Bought a potion of haste for 140 gold pieces
 66596 | Vaults:1 | Bought a potion of haste for 140 gold pieces
 66707 | Vaults:1 | Received a gift from Okawaru
 69008 | Vaults:1 | Reached XP level 21. HP: 58/169 MP: 39/39
 70581 | D:3      | Bought a scroll of magic mapping for 38 gold pieces
 70581 | D:3      | Bought a scroll of enchant weapon for 82 gold pieces
 70581 | D:3      | Bought a scroll of enchant armour for 82 gold pieces
 70581 | D:3      | Bought a scroll of enchant armour for 82 gold pieces
 70581 | D:3      | Bought 2 scrolls of fear for 77 gold pieces
 70952 | Vaults:2 | Reached skill level 15 in Long Blades
 70952 | Vaults:2 | Cast into level 2 of the Abyss (a wizard)
 70991 | Abyss:2  | Received a gift from Okawaru
 71344 | Abyss:3  | Noticed a profane servitor
 71351 | Abyss:3  | HP: 8/170 [daeva/divine providence (12)]
 71352 | Abyss:3  | HP: 3/170 [daeva (1)]
 71352 | Abyss:3  | HP: 1/170 [profane servitor (2)]
 71354 | Abyss:3  | Engulfed by a cloud of freezing vapour

Illustrated notes

Levels and vault maps discovered:
D:1:      roderic_octagonal_star, layout_loops_ring,
          chequers_serial_rivers_large_b, minmay_lizard_king
D:2:      layout_rooms, basic_altar, kennysheep_generic_room_11, uniq_natasha
D:3:      layout_basic, nicolae_sif_muna_condensation, serial_shops, shop_statue
D:4:      layout_loops_ring, gammafunk_temple_overflow_elements,
          nicolae_overflow_hidden_temple, minmay_misc_feat_tiny,
          dk_rats_in_the_wall, uniq_pikel, uniq_robin
D:5:      layout_basic, minmay_temple_entry_fiery
D:6:      layout_basic, minivault_11
D:7:      layout_cave_pools, nicolae_ashenzari_panopticon, uniq_menkaure
D:8:      layout_basic, gammafunk_ghost_nasty_kobolds, minmay_misc_feat_hallway,
          nicolae_underground_beach
D:9:      minmay_thick_lines, layout_cave_pods, lemuel_tele_altar,
          serial_column_ruins, column_ruins_hut, column_ruins_columns_T,
          column_ruins_grid_1, column_ruins_grid_1,
          column_ruins_corridor_straight, column_ruins_open_tiny,
          minmay_door_square, dreamdust_deal_with_the_devil
D:10:     layout_irregular_city, serial_shops, nicolae_lakefront_shop,
          nicolae_diamond_shop, nicolae_shop_statue_plus,
          nicolae_shop_behind_doors,
          nicolae_shop_temple_entry_statues_fountains,
          gammafunk_ghost_berserking_beasts, amcnicky_mini_rare_corridor_liquid,
          kennysheep_dice, uniq_maggie, uniq_josephine
D:11:     layout_basic, lair_entry_dummy, fedhas_altar_4
D:12:     layout_layer_cave, orc_0_dummy, amcnicky_mini_pool_small, minmay_bent
D:13:     layout_cave_pools, david_vaults_5, uniq_rupert
D:14:     layout_basic, kennysheep_nub, nrook_pool_corridor
D:15:     hangedman_depths_entry_civil_slaughter, layout_rooms, serial_shops,
          nicolae_diamond_shop, chequers_serial_rivers_micro_d,
          nicolae_hepliaklqana_hippocampus
Temple:   regret_index_temple_generic_petals
Lair:1:   layout_chaotic_city
Lair:2:   layout_chaotic_city, shoals_dummy_entry, uniq_nergalle, uniq_gastronok
Lair:3:   layout_cave_pods, ebering_ghost_funeral_grove,
          portal_ice_cave_entry_ice_simulacra, basic_altar, minmay_holes
Lair:4:   layout_regular_city, guppyfry_snake_entry_island,
          infiniplex_staircase_pool
Lair:5:   layout_cave_pods, grunt_megastairs_3
Lair:6:   evilmike_catoblepas_cave, layout_small_grid,
          minmay_slime_entry_pillars
Shoals:1: layout_shoals, nicolae_shoals_circle_sea_wall
Shoals:2: layout_shoals, nicolae_shoals_pincushion_passage
Shoals:3: layout_shoals
Shoals:4: shoals_end_simple, layout_shoals, ebering_ghost_xom, serial_shops,
          nicolae_square_shop, uniq_polyphemus
Snake:1:  layout_onion_interference, nicolae_snake_horde_hoard, uniq_aizul
Snake:2:  layout_chambers, serial_shops,
          nicolae_shop_temple_entry_statues_fountains, uniq_nikola
Snake:3:  nicolae_snake_shooting_gallery, layout_onion_interference,
          special_room
Snake:4:  snake_pit, layout_cave_town, serial_shops, shop_fountains,
          minmay_shop_star
Orc:1:    layout_diamond_mine
Orc:2:    st_orc_town, layout_caves, serial_shops, shop_coins, shop_fountains,
          shop, shop, shop
Elf:1:    layout_loops_corners, minivault_28, onia_ninara_cookie, uniq_kirke,
          uniq_asterion, uniq_azrael
Elf:2:    nicolae_elf_blades_crystal_corner, layout_geoelf_octagon,
          serial_shops, shop
Elf:3:    minmay_elf_hall_not_hex, layout_loops_cross, serial_shops,
          bzr_entry_gold, palyth_stone_intersect
Vaults:1: nicolae_vaults_network_periphery, hangedman_vaults_corner_blocks,
          nicolae_vaults_big_ls, v_misc_26, nicolae_vaults_ring_of_whatevers,
          vaults_room_semicircle, vaults_mumra_hex, ontoclasm_vaults_bender,
          nicolae_vaults_little_squares_2,
          nicolae_vaults_windows_and_doors_thing, serial_ice_g,
          grunt_vaults_hallway_short, ontoclasm_vaults_eye, v_misc_8,
          layout_vaults_omnicross, serial_shops, shop
Vaults:2: nicolae_vaults_puzzle_piece, vaults_mumra_lcd,
          nicolae_vaults_statue_guard, hangedman_vaults_restitches,
          nicolae_vaults_ring_of_whatevers, ontoclasm_vaults_ligature,
          nicolae_vaults_ninety_degrees, v_misc_24,
          nicolae_vaults_stairing_the_circle, hangedman_vaults_river_flow,
          vaults_dpeg_ring, hangedman_vaults_trim, layout_vaults_maze_bifur,
          serial_shops, nicolae_square_shop
Abyss:3:  base: D:6, evilmike_abyss_exit_12, nicolae_abyss_rune_left_handed,
          nicolae_abyss_rune_left_handed

Skill      XL: |  1  2  3  4  5  6  7  8  9 10 11 12 13 14 15 16 17 18 19 20 21 |
---------------+----------------------------------------------------------------+-----
Invocations    | 1 2 3 4 5 7 8 9 10 11 12 13 14 15 | 15.6
Short Blades   | 1 2 3 4 6 7 8 9 10 11 12 13 14 | 14.4
Axes           | 1 2 3 4 6 7 8 9 10 11 12 13 14 | 14.4
Maces & Flails | 1 2 3 4 6 7 8 9 10 11 12 13 14 | 14.4
Polearms       | 1 2 3 4 6 7 8 9 10 11 12 13 14 | 14.4
Staves         | 1 2 3 4 6 7 8 9 10 11 12 13 14 | 14.4
Slings         | 1 2 3 4 6 7 8 9 10 11 12 13 14 | 14.4
Bows           | 1 2 3 4 6 7 8 9 10 11 12 13 14 | 14.4
Crossbows      | 1 2 3 4 6 7 8 9 10 11 12 13 14 | 14.4
Throwing       | 1 2 3 4 6 7 8 9 10 11 12 13 14 | 14.4
Dodging        | 1 2 3 4 6 7 8 9 10 11 12 13 14 | 14.4
Stealth        | 1 2 3 4 6 7 8 9 10 11 12 13 14 | 14.4
Unarmed Combat | 1 2 3 4 6 7 8 9 10 11 12 13 14 | 14.4
Spellcasting   | 1 2 3 4 6 7 8 9 10 11 12 13 14 | 14.4
Evocations     | 1 2 3 4 6 7 8 9 10 11 12 13 14 | 14.4
Conjurations   | 1 2 3 4 5 6 7 8 9 10 11 12 | 12.2
Hexes          | 1 2 3 4 5 6 7 8 9 10 11 12 | 12.2
Summonings     | 1 2 3 4 5 6 7 8 9 10 11 12 | 12.2
Necromancy     | 1 2 3 4 5 6 7 8 9 10 11 12 | 12.2
Translocations | 1 2 3 4 5 6 7 8 9 10 11 12 | 12.2
Transmutations | 1 2 3 4 5 6 7 8 9 10 11 12 | 12.2
Fire Magic     | 1 2 3 4 5 6 7 8 9 10 11 12 | 12.2
Ice Magic      | 1 2 3 4 5 6 7 8 9 10 11 12 | 12.2
Air Magic      | 1 2 3 4 5 6 7 8 9 10 11 12 | 12.2
Earth Magic    | 1 2 3 4 5 6 7 8 9 10 11 12 | 12.2
Poison Magic   | 1 2 3 4 5 6 7 8 9 10 11 12 | 12.2
Long Blades    | 5 6 8 9 10 11 12 13 14 15 | 15.0
Fighting       | 7 8 9 10 11 12 13 14 15 | 15.7
Armour         | 7 8 9 10 11 12 13 14 15 | 15.7
Shields        | 7 8 9 10 11 12 13 14 15 | 15.7

Action                   |  1- 3 |  4- 6 |  7- 9 | 10-12 | 13-15 | 16-18 | 19-21 || total
-------------------------+-------+-------+-------+-------+-------+-------+-------++-------
Melee: Long sword        |    84 |   151 |       |       |       |       |       ||   235
       Bite              |     8 |    17 |    39 |    63 |   396 |   342 |   309 ||  1174
       Dagger            |       |    32 |    32 |       |       |       |       ||    64
       Unarmed           |       |    21 |       |       |       |       |       ||    21
       Mace              |       |       |   144 |    59 |    44 |     3 |       ||   250
       Whip              |       |       |   135 |   382 |   106 |       |       ||   623
       Cutlass           |       |       |       |       |  1973 |   360 |       ||  2333
       Spear             |       |       |       |       |       |  1329 |       ||  1329
       Demon trident     |       |       |       |       |       |   827 |  1985 ||  2812
Throw: Dart              |       |     3 |     3 |    13 |    12 |       |       ||    31
 Cast: Blink             |       |       |       |       |       |       |     1 ||     1
Invok: Heroism           |       |       |       |     4 |    14 |    17 |    23 ||    58
       Finesse           |       |       |       |       |     4 |     1 |       ||     5
Evoke: Wand              |       |       |       |     6 |    13 |     7 |     2 ||    28
       Condenser vane    |       |       |       |       |       |     2 |     6 ||     8
  Use: Potion            |       |     7 |     3 |     2 |     1 |     2 |     9 ||    24
       Scroll            |       |     6 |     5 |     8 |     8 |     6 |    12 ||    45
 Stab: Confused          |       |     2 |       |       |       |       |       ||     2
       Invisible         |       |     1 |       |       |       |       |       ||     1
       Sleeping          |       |       |     4 |     1 |    19 |    41 |    38 ||   103
       Distracted        |       |       |       |       |     2 |     5 |     9 ||    16
       Petrified         |       |       |       |       |     2 |       |       ||     2
Armor: Scale mail        |    38 |    99 |    53 |       |       |       |       ||   190
       Skin              |       |     1 |       |       |       |       |       ||     1
       Leather armour    |       |       |   112 |       |       |       |       ||   112
       Chain mail        |       |       |     6 |   320 |   731 |   703 |   633 ||  2393
Dodge: Dodged            |    40 |    92 |   199 |   218 |   682 |   953 |   687 ||  2871
Block: Buckler           |    25 |    51 |    95 |   152 |   427 |   184 |       ||   934
       Kite shield       |       |       |       |       |       |   778 |  1157 ||  1935
       Reflection        |       |       |       |       |       |       |    66 ||    66

Table legend: (Time is in decaauts)
 A = Elapsed time spent in this place.
 B = Non-inter-level travel time spent in this place.
 C = Inter-level travel time spent in this place.
 D = Time resting spent in this place.
 E = Time spent auto-exploring this place.
 F = Levels seen in this place.
 G = Mean time per level.
                   A        B        C        D        E       F      G
               +--------+--------+--------+--------+--------+-----+--------+
         Total |  70955 |  66307 |   4648 |  19099 |  34920 |  41 | 1730.6 |
       Dungeon |  21548 |  19450 |   2098 |   3063 |  13065 |  15 | 1436.5 |
        Temple |    215 |    179 |     36 |      0 |    178 |   1 |  215.0 |
          Lair |   8704 |   7741 |    963 |    366 |   5914 |   6 | 1450.7 |
        Shoals |  10379 |   9957 |    422 |   3867 |   4530 |   4 | 2594.8 |
     Snake Pit |  12799 |  12602 |    197 |   6467 |   3976 |   4 | 3199.8 |
  Orcish Mines |   2960 |   2664 |    296 |    830 |   1227 |   2 | 1480.0 |
   Elven Halls |   8589 |   8397 |    192 |   3618 |   3330 |   3 | 2863.0 |
        Vaults |   4441 |   4000 |    441 |    684 |   2421 |   2 | 2220.5 |
         Abyss |    355 |    355 |      0 |     57 |      6 |   2 |  177.5 |
        Bazaar |    116 |    116 |      0 |      0 |     79 |   1 |  116.0 |
      Ice Cave |    844 |    844 |      0 |    145 |    189 |   1 |  844.0 |
               +--------+--------+--------+--------+--------+-----+--------+

Top non-repeatable levels by time:
 Snake:3: 6916 daAuts
   Elf:1: 5493 daAuts
Vaults:1: 4196 daAuts
   Elf:2: 3037 daAuts
    D:12: 2926 daAuts
Shoals:1: 2886 daAuts
Shoals:4: 2697 daAuts
    D:11: 2633 daAuts
Shoals:2: 2499 daAuts
 Snake:4: 2473 daAuts
Shoals:3: 2296 daAuts
 Snake:2: 2147 daAuts
     D:9: 2002 daAuts
     D:8: 1895 daAuts
  Lair:5: 1741 daAuts
